 Dungeon Crawl Stone Soup version 0.29-a0-298-g3c90f9a769 (webtiles) character file.

Game seed: 17951377778379950961

70 Dabor the Conjurer (level 4, -3/24 HPs)
             Began as a Deep Elf Conjurer on Mar 23, 2022.
             Slain by an orc priest
             ... wielding a +0 war axe
              (4 damage)
             ... on level 3 of the Dungeon.
             The game lasted 00:01:13 (1599 turns).

Dabor the Conjurer (Deep Elf Conjurer)              Turns: 1599, Time: 00:01:13

Health: -3/24      AC:  3    Str:  4    XL:     4   Next: 4%
Magic:  0/11       EV: 13    Int: 25    God:
Gold:   93         SH:  0    Dex: 13    Spells: 7/10 levels left

rFire   . . .      SeeInvis .   (no weapon)
rCold   . . .      Faith    .   (no shield)
rNeg    . . .      Spirit   .   a - +0 robe
rPois   .          Reflect  .   (no helmet)
rElec   .          Harm     .   (no cloak)
rCorr   .          Rampage  .   k - +0 pair of gloves
Will    .....                   (no boots)
Stlth   ++........              (no amulet)
HPRegen 0.08/turn               (no ring)
MPRegen 0.12/turn               (no ring)

@: no status effects
A: no striking features
a: no special abilities


You were on level 3 of the Dungeon.
You visited 1 branch of the dungeon, and saw 3 of its levels.

You collected 93 gold pieces.

Inventory:

Missiles
 d - 2 throwing nets
Armour
 a - a +0 robe (worn)
 k - a +0 pair of gloves (worn)
Scrolls
 c - a scroll of teleportation {unknown}
 f - a scroll of amnesia {unknown}
 g - 2 scrolls of identify {unknown}
Potions
 b - a potion of magic
 e - a potion of attraction {unknown}
 h - a potion of curing {unknown}
 i - 2 potions of mutation {unknown}
 j - a potion of berserk rage {unknown}


   Skills:
 + Level 3.3 Dodging
 + Level 3.4 Stealth
 + Level 3.9 Spellcasting
 + Level 4.9 Conjurations


You had 7 spell levels left.
You knew the following spells:

 Your Spells              Type           Power      Damage    Failure   Level
a - Magic Dart            Conj           100%       1d8       1%          1
b - Searing Ray           Conj           58%        2d6       1%          2

Your spell library contained the following spells:

 Spells                   Type           Power      Damage    Failure   Level
 Dazzling Flash           Conj/Hex       34%        N/A       10%         3
 Mephitic Cloud           Conj/Pois/Air  13%        N/A       14%         3
 Ignite Poison            Fire/Tmut/Pois 4%         N/A       28%         3
 Fulminant Prism          Conj/Hex       8%         3d7       32%         4
 Iskenderun's Mystic Bla  Conj/Tloc      17%        2d5       32%         4
 Freezing Cloud           Conj/Ice/Air   6%         6-21      78%         5


Dungeon Overview and Level Annotations

Branches:
Dungeon (3/15)

Altars:


Message History

The dart slug is lightly wounded.
The dart slug closely misses you.
You hit the dart slug.
The dart slug is moderately wounded.
The dart slug barely misses you.
Aiming: Magic Dart (safe; 1% risk of failure)
Press: ? - help, Q - select action, (/) - cycle Shift-Dir - straight line, f/p - dart slug
Aim: a dart slug (moderately wounded, 100% to hit)
The magic dart hits the dart slug.
The dart slug is almost dead.
The dart slug closely misses you.
You hit the dart slug.
You kill the dart slug!
An orc priest comes into view. It is wielding a +0 war axe.
An orc priest is nearby!
Casting: Magic Dart (safe; 1% risk of failure)
Confirm with . or Enter, or press ? or * to list all spells.
Aiming: Searing Ray (safe; 1% risk of failure)
Press: ? - help, Shift-Dir - straight line, f - orc priest
Aim: an orc priest, wielding a +0 war axe and wearing a +0 scale mail (wandering, hasn't noticed you, 82% to hit)
The searing ray hits the orc priest!
The orc priest is severely wounded.
The orc priest shouts! (Press . to maintain the ray.)
The orc priest invokes the aid of Beogh against you.
Pain shoots through your body!
* * * LOW HITPOINT WARNING * * *
The searing ray hits the orc priest but does no damage.
The orc priest is severely wounded.
You hit the orc priest but do no damage.
The orc priest is severely wounded.
The orc priest misses you.
You hit the orc priest but do no damage.
The orc priest is severely wounded.
The orc priest hits you with a +0 war axe.
* * * LOW HITPOINT WARNING * * *
You completely miss the orc priest.
The orc priest is severely wounded.
The orc priest hits you with a +0 war axe.
You die...

### ... #.# #.#
######## #.# #.......
#.####.### #..[....
#..†@o...#####†......
#.####.#.....<.......
#.#######....... #.#
#....... # #.#
#....... #.#.##.#
######## #.)))..#
###)#### #


You could see an orc priest.

Vanquished Creatures
  An orc wizard (D:3)
  An adder (D:2)
  A worm (D:2)
  A dart slug (D:3)
  3 orcs (D:3)
  A bat (D:2)
  An endoplasm (D:2)
  A giant cockroach (D:1)
  2 goblins
  6 hobgoblins
  3 kobolds
  2 ball pythons
  5 rats
28 creatures vanquished.

Notes
Turn   | Place    | Note
-------+----------+-------------------------------------------
     0 | D:1      | Dabor the Deep Elf Conjurer began the quest for the Orb.
     0 | D:1      | Reached XP level 1. HP: 10/10 MP: 6/6
   134 | D:1      | Found a faded altar of an unknown god.
   135 | D:1      | Noticed a floating eye
   136 | D:1      | Noticed a golden eye
   453 | D:1      | Reached XP level 2. HP: 15/15 MP: 4/8
   610 | D:1      | You fall into a shaft and drop 1 floor!
   614 | D:2      | Learned a level 2 spell: Searing Ray
   929 | D:2      | Reached XP level 3. HP: 4/19 MP: 5/10
  1559 | D:3      | Reached XP level 4. HP: 15/24 MP: 0/11
  1598 | D:3      | HP: 1/24 [orc priest/+0 war axe (4)]
  1599 | D:3      | Slain by an orc priest

Illustrated notes

Levels and vault maps discovered:
D:1:      ncdulo_smallfort, layout_basic, hellmonk_ecumenical_altar_watching_god
D:2:      minmay_skewed_foursquare, layout_basic
D:3:      layout_loops_cross, amcnicky_mini_pool_small

Skill      XL: |  1  2 |
---------------+-------+-----
Stealth        | 3 |  3.4
Dodging        | 3 |  3.3
Spellcasting   | |  3.9
Conjurations   | |  4.9

Action                   |  1- 3 |  4- 6 || total
-------------------------+-------+-------++-------
Melee: Unarmed           |     6 |     7 ||    13
 Cast: Magic Dart        |    38 |     2 ||    40
       Searing Ray       |     5 |     1 ||     6
Armor: Robe              |     2 |       ||     2
Dodge: Dodged            |     7 |     5 ||    12

Table legend: (Time is in decaauts)
 A = Elapsed time spent in this place.
 B = Non-inter-level travel time spent in this place.
 C = Inter-level travel time spent in this place.
 D = Time resting spent in this place.
 E = Time spent auto-exploring this place.
 F = Levels seen in this place.
 G = Mean time per level.
                   A        B        C        D        E       F      G
               +--------+--------+--------+--------+--------+-----+--------+
         Total |   1598 |   1595 |      3 |    235 |   1195 |   3 |  532.7 |
       Dungeon |   1598 |   1595 |      3 |    235 |   1195 |   3 |  532.7 |
               +--------+--------+--------+--------+--------+-----+--------+

Top non-repeatable levels by time:
     D:2: 909 daAuts
     D:1: 610 daAuts
     D:3: 78 daAuts
